Map: Lerilak Crest

Players

wabbajack

  • Race: Zerg Zerg
  • League: Grandmaster

TheHolyArk - Winner!

  • Race: Protoss Protoss
  • League: Bronze

VOD

Have the link to the VOD?

Description

Time

  • Played on: July 15, 2015, 3:25 p.m.
  • Length: 6:06
Show
View Real Time Build Order
Export as new Build Order

wabbajack Zerg 

Build Orders: Hatch First 

Get SALT Encoding   

  12  0:01  Drone  
  13  0:13  Overlord  
  13  0:19  Drone  
  14  0:22  Extractor  
  14  0:23  Drone  
  15  0:32  Drone  
  17  0:35  Drone  
  17  0:56  Hatchery  
  16  0:58  Drone  
  16  1:01  Drone  
  18  1:05  Extractor  
  18  1:11  Drone  
  19  1:18  Drone  
  19  1:23  Spawning Pool  
  18  1:29  Drone  
  19  1:40  Overlord  
  19  1:53  Drone  
  20  2:03  Drone  
  21  2:10  Queen  
  21  2:12  Zergling x2  
  21  2:13  Queen  
  21  2:15  Metabolic Boost  
  26  2:28  Drone  
  26  2:29  Drone x2  
  29  2:38  Drone  
  30  2:53  Roach Warren  
  30  2:54  Queen  
  31  2:58  Overlord  
  31  2:59  Overlord  
  31  3:06  Extractor  
  30  3:30  Pneumatized Carapace  
  30  3:34  Roach  
  30  3:35  Roach x4  
  30  3:36  Overlord  
  30  3:38  Overlord  
  40  3:47  Zergling x4  
  40  3:48  Zergling x4  
  43  3:50  Zergling x8  
  48  4:12  Roach  
  48  4:13  Roach x4  
  58  4:46  Ravager x2  
  58  4:48  Ravager  
  61  4:54  Overlord  
  61  5:15  Ravager  
  61  5:16  Ravager  
  63  5:32  Spore Crawler x2  
  56  5:36  Spine Crawler x2  
  56  5:38  Spore Crawler, Spine Crawler  
Show
View Real Time Build Order
Export as new Build Order

TheHolyArk Protoss - Winner!

Build Orders: Dark Templar Rush 

Get SALT Encoding   

  12  0:01  Probe  
  13  0:13  Probe  
  14  0:17  Pylon  
  14  0:35  Probe (Chrono Boost)  
  15  0:46  Probe (Chrono Boost)  
  15  0:48  Gateway  
  16  0:51  Pylon  
  16  0:55  Assimilator  
  16  0:58  Probe  
  17  1:10  Probe  
  18  1:22  Probe  
  19  1:34  Probe  
  19  1:36  Cybernetics Core  
  19  1:39  Zealot  
  22  1:46  Probe (Chrono Boost), Assimilator  
  23  1:58  Probe (Chrono Boost)  
  23  2:00  Pylon  
  24  2:06  Probe (Chrono Boost)  
  25  2:12  Warp Gate (Chrono Boost)  
  26  2:16  Adept  
  28  2:24  Gateway  
  27  2:30  Gateway  
  27  2:43  Adept  
  28  2:55  Twilight Council  
  28  2:56  Pylon  
  28  3:08  Probe  
  28  3:10  Adept  
  31  3:16  Adept  
  33  3:20  Probe  
  33  3:24  Pylon  
  34  3:38  Dark Shrine  
  34  3:43  Pylon  
  34  3:47  Mothership Core  
  38  4:07  Shield Upgrade (Chrono Boost)  
  34  4:18  Adept  
  34  4:19  Adept  
  36  4:27  Adept  
  26  4:51  Dark Templar x2  
  30  4:58  Sentry  
  32  5:05  Gateway  
  33  5:08  Pylon x2  
  32  5:25  Stalker x3  
  32  5:28  Pylon  
  38  5:29  Pylon  
  29  5:50  Stalker x3  
Tags
 
Add a new tag
Caveats
  • Supply blocks, unpowered buildings, or Contaminate may cause inaccurate times.
  • Supply counts are checked every 10 seconds.